 Dungeon Crawl Stone Soup version 0.29-a0-321-gf1c400731a (webtiles) character file.

Game seed: 13160493340962929277

382 GigaChad the Covered (level 6, -1/55 HPs)
             Began as a Minotaur Fighter on Apr 4, 2022.
             Was an Initiate of Trog.
             Slain by a hound (2 damage)
             ... on level 4 of the Dungeon.
             The game lasted 00:10:46 (2466 turns).

GigaChad the Covered (Minotaur Fighter)             Turns: 2466, Time: 00:10:47

Health: -1/55      AC:  9    Str: 20    XL:     6   Next: 47%
Magic:  14/14      EV:  8    Int:  5    God:    Trog [......]
Gold:   148        SH:  0    Dex: 12    Spells: 5/5 levels left

rFire   . . .      SeeInvis .   s - +2 quarterstaff (chaos)
rCold   . . .      Faith    .   (shield currently unavailable)
rNeg    . . .      Spirit   .   k - +0 chain mail
rPois   .          Reflect  .   (helmet restricted)
rElec   .          Harm     .   (no cloak)
rCorr   .          Rampage  .   (no gloves)
Will    .....                   (no boots)
Stlth   ..........              (no amulet)
HPRegen 0.18/turn               f - ring of magical power
MPRegen 0.14/turn               (no ring)

@: lit by a corona, glowing
A: horns 2, retaliatory headbutt
a: Renounce Religion


You were on level 4 of the Dungeon.
You worshipped Trog.
Trog was noncommittal.
You visited 1 branch of the dungeon, and saw 4 of its levels.

You collected 148 gold pieces.

Inventory:

Hand Weapons
 a - a +0 war axe
 g - a +0 falchion
 l - a +2 short sword of venom
 r - a +0 shortbow
 s - a +2 quarterstaff of chaos (weapon)
 u - a +2 mace of draining
Missiles
 h - 2 poisoned darts (quivered)
 i - 3 javelins
Armour
 b - a +0 scale mail
 c - a +0 buckler
 k - a +0 chain mail (worn)
 m - a +0 chain mail
 t - a +0 cloak
Jewellery
 f - a ring of magical power (left hand)
Scrolls
 j - a scroll of fog {unknown}
 n - a scroll of amnesia
 o - a scroll of teleportation
 p - a scroll of vulnerability {unknown}
 w - a scroll of immolation {unknown}
Potions
 d - a potion of might
 e - 2 potions of invisibility
 q - a potion of degeneration {unknown}
 v - a potion of haste {unknown}


   Skills:
 + Level 4.8 Fighting
 + Level 2.3 Short Blades
 + Level 4.3 Axes
 + Level 0.2 Staves
 + Level 0.5 Bows
 + Level 5.3 Armour
 + Level 1.3 Dodging
 + Level 0.3 Stealth
 + Level 4.8 Shields


You had 5 spell levels left.
You didn't know any spells.
Your spell library contained the following spells:

 Spells                   Type           Power      Damage    Failure   Level
 Ozocubu's Armour         Ice            0%         N/A       100%        3
 Metabolic Englaciation   Hex/Ice        0%         N/A       100%        5
 Simulacrum               Ice/Necr       0%         N/A       100%        6


Dungeon Overview and Level Annotations

Branches:
Dungeon (4/15)
 Temple: D:4-7

Altars:
Ashenzari
Sif Muna
Trog
Uskayaw
Vehumet

Annotations:
D:4 Dowan, Duvessa


Innate Abilities, Weirdness & Mutations

You have a pair of horns on your head.
You reflexively headbutt those who attack you in melee.


Message History

Dowan whispers, "It won't be long now."
Dowan hits you but does no damage. Duvessa hits you with a +0 short sword.
There is a stone staircase leading up, spattered with blood here.
Dowan casts a spell at you.
You are outlined in light.
Duvessa says, "I don't care about looks, I care about technique!"
Duvessa attacks as you move away! Duvessa hits you with a +0 short sword.
Dowan barely misses you. The hound bites you.
You hit the goblin.
The goblin is severely wounded.
Dowan hits you with a +6 vampiric dagger.
The goblin barely misses you. The hound bites you but does no damage.
Duvessa completely misses you.
You hit the goblin.
You kill the goblin!
Trog accepts your kill. The hound bites you but does no damage.
Dowan hits you with a +6 vampiric dagger!
The hound bites you. Duvessa hits you with a +0 short sword.
Dowan says, "Stay away from my face!"
Dowan closely misses you.
Dowan gestures wildly while chanting.
Dowan blinks!
The hound bites you but does no damage.
Dowan says, "Stay away from my face!"
Dowan points at you and mumbles some strange words.
The puff of frost hits you!
* * * LOW HITPOINT WARNING * * *
The hound bites you but does no damage. The hound attacks as you move away!
The hound bites you but does no damage.
Dowan hits you with a +6 vampiric dagger.
* * * LOW HITPOINT WARNING * * *
The hound bites you but does no damage.
You closely miss Duvessa. You headbutt Duvessa, but do no damage.
The hound bites you but does no damage. x2
Duvessa hits you with a +0 short sword!
* * * LOW HITPOINT WARNING * * *
You completely miss Dowan.
The hound stops to sniff the ground.
The hound bites you.
You die...

#..(...<.##.#...#
............#...#
........)##......
............$....
#........)......#
#..............##
...............##
......he......#.#
##....e@...#.....
..>........#...#.
.###......###.##
#.##....#...###.#
...
##)#.........#
#... ##.#....##
#....#.......#
.........).###
..#..........#


You could see Duvessa, Dowan and a hound.

Vanquished Creatures
  An ogre (D:4)
  A centaur (D:3)
  A necrophage (D:3)
  An orc priest (D:3)
  Crazy Yiuf (D:3)
  Terence (D:2)
  An adder (D:3)
  A dart slug (D:3)
  7 orcs (D:3)
  6 endoplasms
  3 giant cockroaches (D:2)
  7 goblins
  8 hobgoblins
  A quokka (D:1)
  2 ball pythons
  3 bats
  3 frilled lizards
  7 kobolds
  4 rats
59 creatures vanquished.

Vanquished Creatures (others)
  11 plants
11 creatures vanquished.

Grand Total: 70 creatures vanquished

Notes
Turn   | Place    | Note
-------+----------+-------------------------------------------
     0 | D:1      | GigaChad the Minotaur Fighter began the quest for the Orb.
     0 | D:1      | Reached XP level 1. HP: 19/19 MP: 0/0
   227 | D:1      | Reached skill level 4 in Armour
   227 | D:1      | Reached XP level 2. HP: 12/27 MP: 1/1
   640 | D:2      | Noticed Terence
   646 | D:2      | Killed Terence
   647 | D:2      | Reached XP level 3. HP: 33/33 MP: 2/2
  1106 | D:3      | Noticed a necrophage
  1116 | D:3      | Killed a necrophage
  1117 | D:3      | Reached XP level 4. HP: 34/41 MP: 3/3
  1226 | D:3      | Reached skill level 1 in Short Blades
  1247 | D:3      | Found a radiant altar of Vehumet.
  1280 | D:3      | Found a broken altar of Ashenzari.
  1282 | D:3      | Found a hide-covered altar of Uskayaw.
  1332 | D:3      | Noticed a centaur
  1343 | D:3      | Killed a centaur
  1344 | D:3      | Reached skill level 1 in Dodging
  1344 | D:3      | Reached XP level 5. HP: 26/47 MP: 4/4
  1835 | D:3      | Found a runed translucent door.
  1836 | D:3      | Noticed Crazy Yiuf
  1843 | D:3      | Killed Crazy Yiuf
  1844 | D:3      | Reached skill level 5 in Armour
  1844 | D:3      | Reached XP level 6. HP: 46/53 MP: 5/5
  1928 | D:4      | Noticed Dowan
  1929 | D:4      | Noticed Duvessa
  1933 | D:4      | Found a shimmering blue altar of Sif Muna.
  2325 | D:3      | Found a bloodstained altar of Trog.
  2338 | D:3      | Became a worshipper of Trog the Wrathful
  2465 | D:4      | HP: 1/55 [Duvessa/+0 short sword (7)]
  2466 | D:4      | Slain by a hound

Illustrated notes

Levels and vault maps discovered:
D:1:      kennysheep_arrival_seaside, layout_basic
D:2:      layout_loops_ring, uniq_terence
D:3:      layout_basic, trog_book, nicolae_overflow_hidden_temple, minivault_11,
          uniq_crazy_yiuf_cottage
D:4:      layout_cave_pools, tgw_kikubaaqudgha, mainiacjoe_overflow_catwalk,
          mainiacjoe_overflow_brackets, minmay_temple_entry_waves,
          minmay_lizard_king, uniq_blork_the_orc, uniq_duvessa

Skill      XL: |  1  2  3  4  5  6 |
---------------+-------------------+-----
Armour         | 4 5 |  5.3
Fighting       | 4 |  4.8
Axes           | 3 4 |  4.3
Shields        | 4 |  4.8
Short Blades   | 1 2 |  2.3
Dodging        | 1 |  1.3
Staves         | |  0.2
Bows           | |  0.5
Stealth        | |  0.3

Action                   |  1- 3 |  4- 6 || total
-------------------------+-------+-------++-------
Melee: War axe           |    36 |       ||    36
       Headbutt          |     9 |     8 ||    17
       Short sword       |    32 |    37 ||    69
       Quarterstaff      |       |    19 ||    19
 Fire: Shortbow          |       |     3 ||     3
  Use: Scroll            |     3 |       ||     3
Armor: Scale mail        |    25 |       ||    25
       Chain mail        |    14 |    40 ||    54
Dodge: Dodged            |    38 |    31 ||    69
Block: Buckler           |    23 |     7 ||    30

Table legend: (Time is in decaauts)
 A = Elapsed time spent in this place.
 B = Non-inter-level travel time spent in this place.
 C = Inter-level travel time spent in this place.
 D = Time resting spent in this place.
 E = Time spent auto-exploring this place.
 F = Levels seen in this place.
 G = Mean time per level.
                   A        B        C        D        E       F      G
               +--------+--------+--------+--------+--------+-----+--------+
         Total |   2493 |   2476 |     17 |      0 |    765 |   4 |  623.2 |
       Dungeon |   2493 |   2476 |     17 |      0 |    765 |   4 |  623.2 |
               +--------+--------+--------+--------+--------+-----+--------+

Top non-repeatable levels by time:
     D:3: 1325 daAuts
     D:1: 619 daAuts
     D:2: 504 daAuts
     D:4: 45 daAuts
